 Dungeon Crawl Stone Soup version 0.26.0-10-g1f06aea511 (webtiles) character file.

Game seed: 4872394845482165086

4 sanka the Sneak (level 1, 0/21 HPs)
             Began as a Naga Delver on Jan 20, 2021.
             Slain by a killer bee zombie (5 damage)
             ... on level 5 of the Dungeon.
             The game lasted 00:01:16 (189 turns).

sanka the Sneak (Naga Delver)                        Turns: 189, Time: 00:01:17

Health: 0/21       AC:  1    Str: 14    XL:     1   Next: 70%
Magic:  1/1        EV:  9    Int: 10    God:
Gold:   40         SH:  0    Dex: 12    Spells: 0/0 levels left

rFire    . . .     SeeInvis +   a - +0 hand axe
rCold    . . .     Faith    .   (no shield)
rNeg     . . .     Spirit   .   b - +0 leather armour
rPois    +         Reflect  .   (no helmet)
rElec    .         Harm     .   (no cloak)
rCorr    .         Rampage  .   (no gloves)
Will     .....                  (no barding)
Stlth    +++.......             (no amulet)
HPRegen  0.07/turn              (no ring)
MPRegen  0.07/turn              (no ring)

@: hasted, quick
A: large, see invisible, deformed body, poison resistance, slowness 2, spit
poison 1, AC +0
a: Spit Poison


You were on level 5 of the Dungeon.
You visited 1 branch of the dungeon, and saw 1 of its levels.

You collected 40 gold pieces.


Innate Abilities, Weirdness & Mutations

You cannot wear boots.
Your serpentine skin is tough. (AC +0)
You have supernaturally acute eyesight. (SInv)
Armour fits poorly on your strangely shaped body.
Your system is resistant to poisons. (rPois)
You cover ground very slowly.
You can spit poison.


   Skills:
 + Level 3.1 Fighting
 + Level 2.1 Axes
 + Level 1.6 Dodging
 + Level 7.3 Stealth


You couldn't memorise any spells.
You didn't know any spells.
Your spell library was empty.

Inventory:

Hand Weapons
 a - a +0 hand axe (weapon)
Armour
 b - a +0 leather armour (worn)
Wands
 g - a wand of digging (7)
Scrolls
 c - a scroll of fog
 d - a scroll of magic mapping
 e - a scroll of fear
 h - a scroll of remove curse {unknown}
 i - 3 scrolls of random uselessness {unknown}
 k - a scroll of teleportation {unknown}
Potions
 j - a potion of curing {unknown}

Dungeon Overview and Level Annotations

Branches:
Dungeon (5/15)
 Temple: D:4-7

Altars:
Ru

Shops:
D:5 !

Annotations:
D:5 2 transporters, 1994's ghost, novice TeSu

.▒. ▒......▒▒▒▒.
▒▒...▒▒.▒..▒.▒▒▒.......
...©. ..▒.....▒▒.......
▒... ▒.▒.▒▒▒.▒........
.▒▒...▒▒.▒.▒ ▒..........
......JO.▒.▒ ▒▒▒........
▒8...5W8▒▒.▒ ▒▒.........
▒▒▒▒▒▒▒▒▒..▒▒▒..▒.......
....©.ZN................
.£▒...▒.................
▒▒. ▒▒.........▒▒▒..▒▒
.. ........▒▒▒▒▒ ..▒ ..
▒▒▒▒▒▒▒▒▒ .▒ .. .


You could see an ogre, a jelly, 1994's ghost, a shadow imp and a killer bee
zombie.


Message History

The shadow imp shouts!
The shadow imp puffs mist at you.
Found 6 gold pieces.
You see here a wand of digging (4).
g - a wand of digging (7) (gained 4 charges)
You feel yourself speed up. The killer bee zombie hits you.
You hit the killer bee zombie.
The killer bee zombie is lightly damaged.
The killer bee zombie closely misses you.
The killer bee zombie hits you.
You hit the killer bee zombie.
The killer bee zombie is heavily damaged.
The killer bee zombie barely misses you.
You hit the killer bee zombie.
The killer bee zombie is severely damaged.
The killer bee zombie hits you.
* * * LOW HITPOINT WARNING * * *
You hit the killer bee zombie.
The killer bee zombie is severely damaged.
The killer bee zombie barely misses you.
The killer bee zombie hits you.
* * * LOW HITPOINT WARNING * * *
You barely miss the killer bee zombie.
The killer bee zombie is severely damaged.
The killer bee zombie closely misses you.
You miss the killer bee zombie.
The killer bee zombie is severely damaged.
The killer bee zombie hits you.
You die...

Action                   || total
-------------------------++-------
Melee: Hand axe          ||    10
  Use: Potion            ||     1
Dodge: Dodged            ||     7

Levels and vault maps discovered:
D:5:      layout_rooms, chequers_temple_overflow_minitemple,
          lemuel_doored_altar, serial_aquarium, aquarium_bridge_straight
          [aquarium_subvault_bridge, aquarium_subvault_wall,
          aquarium_subvault_bridge, aquarium_subvault_window],
          aquarium_window_2, aquarium_window_1, aquarium_view_2c,
          aquarium_view_2a, aquarium_balcony_3a, aquarium_pool_2, serial_shops,
          shop, gammafunk_ghost_arena, bloody_trog, uniq_pikel

Notes
Turn   | Place    | Note
-------+----------+-------------------------------------------
     0 | D:5      | sanka the Naga Delver began the quest for the Orb.
     0 | D:5      | Reached XP level 1. HP: 21/21 MP: 1/1
   115 | D:5      | Found a sacrificial altar of Ru.
   157 | D:5      | Found Plog's Distillery.
   169 | D:5      | Found a transporter.
   174 | D:5      | Noticed an ogre
   175 | D:5      | Found a transporter.
   175 | D:5      | Noticed 1994's ghost (novice TeSu)
   181 | D:5      | Noticed a jelly
   189 | D:5      | Slain by a killer bee zombie

Vanquished Creatures
  An ooze (D:5)
1 creature vanquished.

Vanquished Creatures (others)
  8 fungi (D:5)
8 creatures vanquished.

Grand Total: 9 creatures vanquished

Table legend: (Time is in decaauts)
 A = Elapsed time spent in this place.
 B = Non-inter-level travel time spent in this place.
 C = Inter-level travel time spent in this place.
 D = Time resting spent in this place.
 E = Time spent auto-exploring this place.
 F = Levels seen in this place.
 G = Mean time per level.
                   A        B        C        D        E       F      G
               +--------+--------+--------+--------+--------+-----+--------+
         Total |    223 |    223 |      0 |     65 |    121 |   1 |  223.0 |
       Dungeon |    223 |    223 |      0 |     65 |    121 |   1 |  223.0 |
               +--------+--------+--------+--------+--------+-----+--------+

Top non-repeatable levels by time:
     D:5: 223 daAuts
